 Dungeon Crawl Stone Soup version 0.19.1-1-g22dce08 (webtiles) character file.

58 nikopol the Skirmisher (level 4, -3/43 HPs)
             Began as a Gargoyle Berserker on Jan 8, 2017.
             Was a Believer of Trog.
             Slain by a gnoll
             ... wielding a cursed -3 spear
              (5 damage)
             ... on level 2 of the Dungeon.
             The game lasted 00:01:23 (1199 turns).

nikopol the Skirmisher (Gargoyle Berserker)         Turns: 1199, Time: 00:01:23

Health: -3/43      AC:  5    Str: 26    XL:     4   Next: 1%
Magic:  4/4        EV: 12    Int:  7    God:    Trog [**....]
Gold:   116        SH:  0    Dex: 10    Spells: 0 memorised, 3 levels left

rFire  . . .     SeeInvis .     a - +0 hand axe
rCold  . . .     Gourm    .     b - +0 animal skin
rNeg   + . .     Faith    .     (no shield)
rPois  ∞         Spirit   .     (no helmet)
rElec  +         Reflect  .     (no cloak)
rCorr  .         Harm     .     (no gloves)
MR     .....                    (no boots)
Stlth  ..........               (no amulet)
                                (no ring)
                                (no ring)

@: berserking (expiring), very quick
A: negative energy resistance 1, electricity resistance, unbreathing,
petrification resistance, rot immunity, AC +3
a: Berserk, Trog's Hand, Burn Spellbooks, Renounce Religion


You were on level 2 of the Dungeon.
You worshipped Trog.
Trog was pleased with you.
You were hungry.

You visited 1 branch of the dungeon, and saw 2 of its levels.

You collected 116 gold pieces.

Inventory:

Hand Weapons
 a - a +0 hand axe (weapon)
Armour
 b - a +0 animal skin (worn)
Scrolls
 h - a scroll of random uselessness {unknown}
 j - a scroll of fear {unknown}
 l - a scroll of remove curse {unknown}
Potions
 d - a potion of brilliance {unknown}
 e - 4 potions of agility {unknown}
 g - a potion of curing {unknown}
 i - a potion of lignification {unknown}
 k - a potion of might {unknown}
Comestibles
 c - 2 bread rations
 f - a meat ration
 m - 2 chunks of flesh


   Skills:
 + Level 3.8 Fighting
 + Level 3.3 Axes
 + Level 2.9 Armour
 + Level 2.0 Dodging


You had 3 spell levels left.
You didn't know any spells.

Dungeon Overview and Level Annotations

Branches:
Dungeon (2/15)

Altars:
Ashenzari


Innate Abilities, Weirdness & Mutations

You are resistant to torment.
Your stone body is resilient. (AC +3)
You are immune to poison.
You resist negative energy. (rN+)
You are resistant to electric shocks. (rElec)
You can survive without breathing.
You are immune to petrification.
You are immune to rotting.


Message History

You feel yourself moving faster!
You feel mighty!
You are feeling hungry.
The gnoll barely misses you. The gnoll misses you.
You slash the gnoll!
You kill the gnoll!
Trog accepts your kill.
You slash the gnoll!
You kill the gnoll!
Trog accepts your kill.
Your Dodging skill increases to level 2!
You have reached level 4!
You feel stronger. The gnoll closely misses you.
Things that are here:
a halberd; a gnoll corpse You feel a strong urge to attack something.
The gnoll barely misses you. The gnoll closely misses you.
You closely miss the gnoll. You hit the gnoll but do no damage.
The gnoll hits you with a spear.
You die...

########
.#########......#
...............=#
................#
........)..)....#
......g@)[.#### #######
.......g......# #......
...........##(####......
.########+###...........
######...... #######


You could see 2 gnolls.

Vanquished Creatures
  2 gnolls (D:2)
  A worm (D:2)
  A dart slug (D:1)
  3 bats (D:1)
  3 giant cockroaches
  2 hobgoblins (D:1)
  4 jackals (D:1)
  2 kobolds
  6 goblins
  8 rats
32 creatures vanquished.

Notes
Turn   | Place    | Note
-------+----------+-------------------------------------------
     0 | D:1      | nikopol the Gargoyle Berserker began the quest for the Orb.
     0 | D:1      | Reached XP level 1. HP: 14/14 MP: 1/1
    91 | D:1      | Found a shattered altar of Ashenzari.
   128 | D:1      | Reached XP level 2. HP: 11/19 MP: 2/2
   774 | D:1      | Reached XP level 3. HP: 23/23 MP: 3/3
   874 | D:1      | Reached ** piety under Trog
  1194 | D:2      | HP: 1/24 [gnoll/halberd (13)]
  1196 | D:2      | Reached XP level 4. HP: 2/29 MP: 4/4
  1199 | D:2      | Slain by a gnoll

Skill      XL: |  1  2  3 |
---------------+----------+-----
Axes           | 3 |  3.3
Dodging        | 2 |  2.0
Fighting       | |  3.8
Armour         | |  2.9

Action                   |  1- 3 |  4- 6 || total
-------------------------+-------+-------++-------
Melee: Hand axe          |    92 |     1 ||    93
Invok: Berserk           |     1 |       ||     1
  Eat: Chunk             |     1 |       ||     1
Armor: Animal skin       |    22 |       ||    22
Dodge: Dodged            |    74 |     3 ||    77
